TOP OF THE 1ST |
State College Spikes batting - Pitching for Williamsport Crosscutters : LHP Mario Arango
|
Pitching: LHP Mario Arango
|
|
Batting: RHB Mario Mendoza
|
0-0: Foul Ball, location: 2F 0-1: Ball 1-1: Called Strike 1-2: Ball 2-2: Ball 3-2: Base on Balls
|
Batting: RHB Tim Jobe
|
0-0: Called Strike 0-1: Called Strike 0-2: Ball 1-2: DOUBLE (Groundball, 3L, EV 104.4 MPH) Mario Mendoza to third Runner from 3rd tries for Home, SAFE, no throw by RF
|
Batting: RHB Kalidas Mishra
|
0-0: Swinging Strike 0-1: Foul Ball, location: 2F 0-2: Strikes out swinging
|
Batting: RHB Jose Jimenez
|
0-0: Foul Ball, location: 2F 0-1: Called Strike 0-2: Ball 1-2: Ball 2-2: Ball 3-2: SINGLE (Groundball, P, EV 85.6 MPH) (infield hit) Tim Jobe to third
|
Batting: RHB Robby Hickman
|
0-0: Ball 1-0: Called Strike 1-1: SINGLE (Groundball, 34, EV 101.9 MPH) (infield hit) Tim Jobe scores Jose Jimenez to second
|
Batting: RHB Tom Tate
|
0-0: Grounds into double play, 3-6-3 (Groundball, 34S, EV 86.9 MPH)
|
Top of the 1st over - 2 runs, 3 hits, 0 errors, 1 left on base; State College 2 - Williamsport 0 |
BOTTOM OF THE 1ST |
Williamsport Crosscutters batting - Pitching for State College Spikes : RHP Marcos Vergara
|
Pitching: RHP Marcos Vergara
|
|
Batting: LHB Brent Dutcher
|
0-0: Foul Ball, location: 2F 0-1: Ball 1-1: Ball 2-1: Ball 3-1: Ground out 5-3 (Groundball, 56, EV 84.4 MPH)
|
Batting: RHB Robby Adair
|
0-0: Foul Ball, location: 2F 0-1: Ball 1-1: Ball 2-1: SOLO HOME RUN (Flyball, 7D, EV 93.8 MPH), Distance : 361 ft
|
Batting: RHB Tak-keung Chieu
|
0-0: Called Strike 0-1: Called Strike 0-2: Ground out U3 (Groundball, 34S, EV 81.9 MPH)
|
Batting: LHB Matt Calitri
|
0-0: SINGLE (Groundball, 6D, EV 97.5 MPH)
|
Batting: RHB Josh Baker
|
0-0: Foul Ball, location: 2F 0-1: Ball Pickoff Throw to First - Out! 1-3
|
Bottom of the 1st over - 1 run, 2 hits, 0 errors, 0 left on base; State College 2 - Williamsport 1 |
TOP OF THE 2ND |
State College Spikes batting - Pitching for Williamsport Crosscutters : LHP Mario Arango
|
Batting: RHB Bernard Claude
|
0-0: Foul Ball, location: 2F 0-1: Ground out U3 (Groundball, 34, EV 80.0 MPH)
|
Batting: SHB Gerardo Macias
|
0-0: Swinging Strike 0-1: Foul Ball, location: 2F 0-2: Strikes out swinging
|
Batting: RHB Ben Politi
|
0-0: Ball 1-0: Ball 2-0: Swinging Strike 2-1: Swinging Strike 2-2: Ground out U3 (Groundball, 34, EV 79.4 MPH)
|
Top of the 2nd over - 0 runs, 0 hits, 0 errors, 0 left on base; State College 2 - Williamsport 1 |
BOTTOM OF THE 2ND |
Williamsport Crosscutters batting - Pitching for State College Spikes : RHP Marcos Vergara
|
Batting: RHB Josh Baker
|
0-0: Ball 1-0: Ball 2-0: Ball 3-0: Base on Balls
|
Batting: RHB Bryan Alfaro
|
0-0: Swinging Strike 0-1: Ball 1-1: Foul Ball, location: 2F 1-2: Fielders Choice at 2nd, 3-6 (Groundball, 3, EV 88.1 MPH)
|
Batting: RHB Phil Knox
|
0-0: Ball 1-0: Called Strike 1-1: Swinging Strike 1-2: Ball 2-2: Ball 3-2: Fielders Choice at 2nd, 6-4 (Groundball, 6, EV 103.8 MPH)
|
Batting: RHB Leon Edwards
|
0-0: Foul Ball, location: 2F 0-1: Foul Ball, location: 2F 0-2: Ball 1-2: Ball 2-2: Strikes out looking
|
Bottom of the 2nd over - 0 runs, 0 hits, 0 errors, 1 left on base; State College 2 - Williamsport 1 |
TOP OF THE 3RD |
State College Spikes batting - Pitching for Williamsport Crosscutters : LHP Mario Arango
|
Batting: RHB Mario Mendoza
|
0-0: Ball 1-0: Ball 2-0: Ball 3-0: Base on Balls
|
Batting: RHB Tim Jobe
|
0-0: Foul Ball, location: 2F 0-1: Called Strike 0-2: Ball 1-2: Ball 2-2: Strikes out swinging
|
Batting: RHB Kalidas Mishra
|
0-0: Called Strike 0-1: Fielders Choice at 2nd, 6-4 (Groundball, 6, EV 80.6 MPH)
|
Batting: RHB Jose Jimenez
|
0-0: Ground out 5-3 (Groundball, 56S, EV 79.4 MPH)
|
Top of the 3rd over - 0 runs, 0 hits, 0 errors, 1 left on base; State College 2 - Williamsport 1 |
BOTTOM OF THE 3RD |
Williamsport Crosscutters batting - Pitching for State College Spikes : RHP Marcos Vergara
|
Batting: RHB Marcus Carter
|
0-0: Ground out 3-1 (Groundball, 34, EV 80.6 MPH)
|
Batting: LHB Brent Dutcher
|
0-0: SOLO HOME RUN (Line Drive, 9LD, EV 99.4 MPH), Distance : 365 ft
|
Batting: RHB Robby Adair
|
0-0: Swinging Strike 0-1: Swinging Strike 0-2: Strikes out swinging
|
Batting: RHB Tak-keung Chieu
|
0-0: Called Strike 0-1: Foul Ball, location: 2F 0-2: Ball 1-2: Ground out 5-3 (Groundball, 56S, EV 85.0 MPH)
|
Bottom of the 3rd over - 1 run, 1 hit, 0 errors, 0 left on base; State College 2 - Williamsport 2 |
TOP OF THE 4TH |
State College Spikes batting - Pitching for Williamsport Crosscutters : LHP Mario Arango
|
Batting: RHB Robby Hickman
|
0-0: Ball 1-0: Ball 2-0: Foul Ball, location: 2F 2-1: Called Strike 2-2: Ball 3-2: Strikes out swinging
|
Batting: RHB Tom Tate
|
0-0: Ball 1-0: Ball 2-0: Ball 3-0: Called Strike 3-1: Ground out 5-3 (Groundball, 15, EV 84.4 MPH)
|
Batting: RHB Bernard Claude
|
0-0: Called Strike 0-1: Foul Ball, location: 2F 0-2: Foul Ball, location: 2F 0-2: Ball 1-2: Strikes out swinging
|
Top of the 4th over - 0 runs, 0 hits, 0 errors, 0 left on base; State College 2 - Williamsport 2 |
BOTTOM OF THE 4TH |
Williamsport Crosscutters batting - Pitching for State College Spikes : RHP Marcos Vergara
|
Batting: LHB Matt Calitri
|
0-0: Called Strike 0-1: Ground out 4-3 (Groundball, 4, EV 98.1 MPH)
|
Batting: RHB Josh Baker
|
0-0: Called Strike 0-1: Ball 1-1: Ball 2-1: Called Strike 2-2: Ball 3-2: Base on Balls
|
Batting: RHB Bryan Alfaro
|
0-0: Ball 1-0: Ball 2-0: Reached on error, E4 (Groundball, 4M, EV 102.5 MPH) Josh Baker to second
|
Batting: RHB Phil Knox
|
0-0: Ball 1-0: Called Strike 1-1: Ball 2-1: Foul Ball, location: 2F 2-2: Strikes out swinging
|
Batting: RHB Leon Edwards
|
0-0: Ball 1-0: Swinging Strike 1-1: Foul Ball, location: 2F 1-2: Foul Ball, location: 2F 1-2: Foul Ball, location: 2F 1-2: Ball 2-2: Foul Ball, location: 2F 2-2: Ball 3-2: Foul Ball, location: 2F 3-2: Ground out 2-3 (Groundball, 2R, EV 68.8 MPH)
|
Bottom of the 4th over - 0 runs, 0 hits, 1 error, 2 left on base; State College 2 - Williamsport 2 |
TOP OF THE 5TH |
State College Spikes batting - Pitching for Williamsport Crosscutters : LHP Mario Arango
|
Batting: SHB Gerardo Macias
|
0-0: Called Strike 0-1: Called Strike 0-2: Strikes out swinging
|
Batting: RHB Ben Politi
|
0-0: Foul Ball, location: 2F 0-1: Called Strike 0-2: Fly out, F7 (Flyball, 7S, EV 85.6 MPH)
|
Batting: RHB Mario Mendoza
|
0-0: Foul Ball, location: 2F 0-1: Fly out, F7 (Flyball, 78S, EV 85.0 MPH)
|
Top of the 5th over - 0 runs, 0 hits, 0 errors, 0 left on base; State College 2 - Williamsport 2 |
BOTTOM OF THE 5TH |
Williamsport Crosscutters batting - Pitching for State College Spikes : RHP Marcos Vergara
|
Batting: RHB Marcus Carter
|
0-0: Ball 1-0: Swinging Strike 1-1: Called Strike 1-2: Ground out 6-3 (Groundball, 6, EV 105.0 MPH)
|
Batting: LHB Brent Dutcher
|
0-0: Swinging Strike 0-1: Ball 1-1: Swinging Strike 1-2: Strikes out swinging
|
Batting: RHB Robby Adair
|
0-0: Ball 1-0: Ball 2-0: Ball 3-0: Base on Balls
|
Batting: RHB Tak-keung Chieu
|
0-0: Ball 1-0: Foul Ball, location: 2F 1-1: Ball 2-1: SINGLE (Line Drive, 78S, EV 107.5 MPH) Robby Adair to second
|
Batting: LHB Matt Calitri
|
0-0: Ball 1-0: Ball 2-0: Called Strike 2-1: Foul Ball, location: 2F 2-2: Fly out, F7 (Flyball, 7, EV 91.2 MPH)
|
Bottom of the 5th over - 0 runs, 1 hit, 0 errors, 2 left on base; State College 2 - Williamsport 2 |
TOP OF THE 6TH |
State College Spikes batting - Pitching for Williamsport Crosscutters : LHP Mario Arango
|
Batting: RHB Tim Jobe
|
0-0: Called Strike 0-1: Fly out, F8 (Flyball, 8LM, EV 86.2 MPH)
|
Batting: RHB Kalidas Mishra
|
0-0: Called Strike 0-1: Swinging Strike 0-2: Ball 1-2: DOUBLE (Flyball, 78XD, EV 105.0 MPH)
|
Batting: RHB Jose Jimenez
|
0-0: Ball 1-0: Foul Ball, location: 5F, Error on foul ball, E5 1-1: Called Strike 1-2: Ball 2-2: Strikes out swinging
|
Batting: RHB Robby Hickman
|
0-0: Ball 1-0: Called Strike 1-1: Ball Wild Pitch! Kalidas Mishra to third 2-1: Swinging Strike 2-2: Ball 3-2: Foul Ball, location: 2F 3-2: Base on Balls
|
Batting: RHB Tom Tate
|
0-0: Ball 1-0: Called Strike 1-1: Swinging Strike 1-2: Ball 2-2: Fly out, F9 (Flyball, 9, EV 93.8 MPH)
|
Top of the 6th over - 0 runs, 1 hit, 1 error, 2 left on base; State College 2 - Williamsport 2 |
BOTTOM OF THE 6TH |
Williamsport Crosscutters batting - Pitching for State College Spikes : RHP Marcos Vergara
|
Pitching: RHP Nick Durham
|
|
Batting: RHB Josh Baker
|
0-0: Called Strike 0-1: Ball 1-1: Ball 2-1: Foul Ball, location: 2F 2-2: Strikes out swinging
|
Batting: RHB Bryan Alfaro
|
0-0: Ball 1-0: Ball 2-0: Ball 3-0: Called Strike 3-1: Swinging Strike 3-2: Foul Ball, location: 2F 3-2: Base on Balls
|
Batting: RHB Phil Knox
|
0-0: Called Strike 0-1: Ball 1-1: Ball 2-1: Ball 3-1: Grounds into double play, 5-4-3 (Groundball, 56D, EV 105.6 MPH)
|
Bottom of the 6th over - 0 runs, 0 hits, 0 errors, 0 left on base; State College 2 - Williamsport 2 |
TOP OF THE 7TH |
State College Spikes batting - Pitching for Williamsport Crosscutters : LHP Mario Arango
|
Batting: RHB Bernard Claude
|
0-0: Called Strike 0-1: Foul Ball, location: 2F 0-2: Foul Ball, location: 2F 0-2: Strikes out swinging
|
Pitching: LHP Jose Diaz
|
|
Batting: SHB Gerardo Macias
|
0-0: Called Strike 0-1: Ball 1-1: Ball 2-1: Foul Ball, location: 2F 2-2: Strikes out swinging
|
Batting: RHB Ben Politi
|
0-0: Ball 1-0: Ball 2-0: Ball 3-0: Swinging Strike 3-1: Called Strike 3-2: Foul Ball, location: 2F 3-2: Strikes out swinging
|
Top of the 7th over - 0 runs, 0 hits, 0 errors, 0 left on base; State College 2 - Williamsport 2 |
BOTTOM OF THE 7TH |
Williamsport Crosscutters batting - Pitching for State College Spikes : RHP Nick Durham
|
Batting: RHB Leon Edwards
|
0-0: Called Strike 0-1: Ground out 5-3 (Groundball, 5, EV 104.4 MPH)
|
Batting: RHB Marcus Carter
|
0-0: Ball 1-0: Ball 2-0: Foul Ball, location: 2F 2-1: Ball 3-1: Swinging Strike 3-2: Foul Ball, location: 2F 3-2: Foul Ball, location: 2F 3-2: Base on Balls
|
Pitching: RHP Jeremy Bonita
|
|
Batting: LHB Brent Dutcher
|
0-0: Ball Marcus Carter steals 2nd base 1-0: Ground out U3 (Groundball, 3, EV 100.0 MPH) Marcus Carter to third
|
Batting: RHB Robby Adair
|
0-0: Ball 1-0: Swinging Strike 1-1: Foul Ball, location: 2F 1-2: Strikes out looking
|
Bottom of the 7th over - 0 runs, 0 hits, 0 errors, 1 left on base; State College 2 - Williamsport 2 |
TOP OF THE 8TH |
State College Spikes batting - Pitching for Williamsport Crosscutters : LHP Jose Diaz
|
Batting: RHB Mario Mendoza
|
0-0: Called Strike 0-1: Ball 1-1: Ball 2-1: Ground out 4-3 (Groundball, 4, EV 88.1 MPH)
|
Batting: RHB Tim Jobe
|
0-0: Called Strike 0-1: Ball 1-1: SINGLE (Line Drive, 89S, EV 100.6 MPH)
|
Batting: RHB Kalidas Mishra
|
0-0: Ball 1-0: Ball 2-0: Ball 3-0: Base on Balls Tim Jobe to second
|
Batting: RHB Jose Jimenez
|
0-0: Called Strike 0-1: Swinging Strike 0-2: Ball 1-2: Strikes out looking
|
Batting: RHB Robby Hickman
|
0-0: Ball 1-0: Called Strike 1-1: Ball 2-1: DOUBLE (Line Drive, 89D, EV 101.2 MPH) Tim Jobe scores Kalidas Mishra to third Runner from 3rd tries for Home, SAFE, no throw by RF
|
Batting: RHB Tom Tate
|
0-0: Called Strike 0-1: Ball 1-1: Called Strike 1-2: Strikes out swinging
|
Top of the 8th over - 2 runs, 2 hits, 0 errors, 1 left on base; State College 4 - Williamsport 2 |
BOTTOM OF THE 8TH |
Williamsport Crosscutters batting - Pitching for State College Spikes : RHP Jeremy Bonita
|
Batting: RHB Tak-keung Chieu
|
0-0: Ball 1-0: Ball 2-0: Ball 3-0: Called Strike 3-1: Base on Balls
|
Batting: LHB Matt Calitri
|
0-0: Ball 1-0: Fly out, F6 (Flyball, 6MD, EV 91.2 MPH)
|
Batting: RHB Josh Baker
|
0-0: Called Strike 0-1: Swinging Strike 0-2: Strikes out looking
|
Batting: RHB Bryan Alfaro
|
0-0: Called Strike 0-1: Called Strike 0-2: Ball 1-2: Ball 2-2: SINGLE (Flyball, 9S, EV 89.4 MPH) Tak-keung Chieu to second Runner from 2nd tries for 3rd, SAFE, throw by RF made to third
|
Pitching: RHP Pabiyan Vetlitsky
|
|
Batting: RHB Phil Knox
|
0-0: Ball Wild Pitch! Tak-keung Chieu scores Bryan Alfaro to second 1-0: Ball 2-0: Ball 3-0: Called Strike 3-1: Base on Balls
|
Pinch Hitting: SHB Brendan Bundy
|
0-0: Called Strike 0-1: Ball 1-1: Ball 2-1: Ball 3-1: Foul Ball, location: 2F 3-2: Fly out, F8 (Flyball, 8LM, EV 88.8 MPH)
|
Bottom of the 8th over - 1 run, 1 hit, 0 errors, 2 left on base; State College 4 - Williamsport 3 |
TOP OF THE 9TH |
State College Spikes batting - Pitching for Williamsport Crosscutters : LHP Jose Diaz
|
Pitching: RHP Isaiah Felton
|
|
Now at 2B: Brent Dutcher
|
|
Now at SS: Rogelio Losano
|
|
Pinch Hitting: LHB Travis Ruppel
|
0-0: Called Strike 0-1: Swinging Strike 0-2: Ball 1-2: Foul Ball, location: 2F 1-2: Strikes out swinging
|
Batting: SHB Gerardo Macias
|
0-0: Ball 1-0: Called Strike 1-1: Foul Ball, location: 2F 1-2: Strikes out looking
|
Batting: RHB Ben Politi
|
0-0: Ball 1-0: Called Strike 1-1: Swinging Strike 1-2: Foul Ball, location: 2F 1-2: SINGLE (Groundball, 23, EV 66.9 MPH) (infield hit)
|
Batting: RHB Mario Mendoza
|
0-0: Ball Ben Politi steals 2nd base (no throw) 1-0: Ball Ben Politi steals 3rd base 2-0: Ball 3-0: Base on Balls
|
Batting: RHB Tim Jobe
|
0-0: Called Strike 0-1: Fly out, F7 (Flyball, 7, EV 76.2 MPH)
|
Top of the 9th over - 0 runs, 1 hit, 0 errors, 2 left on base; State College 4 - Williamsport 3 |
BOTTOM OF THE 9TH |
Williamsport Crosscutters batting - Pitching for State College Spikes : RHP Pabiyan Vetlitsky
|
Now at 1B: Jorge Zarazua
|
|
Pinch Hitting: LHB Fernando Amaya
|
0-0: Ball 1-0: Foul Ball, location: 2F 1-1: Ball 2-1: Foul Ball, location: 2F 2-2: Ball 3-2: Base on Balls
|
Batting: LHB Brent Dutcher
|
0-0: Ball 1-0: Sac Bunt to 13 - play at first, batter safe! Fernando Amaya to second
|
Batting: RHB Robby Adair
|
0-0: Bunt missed! 0-1: Bunt missed! 0-2: Foul Ball, location: 2F 0-2: Foul Ball, location: 2F 0-2: Ball 1-2: SINGLE (Groundball, 6MD, EV 110.0 MPH) Fernando Amaya to third Brent Dutcher to second Runner from 3rd tries for Home, SAFE, throw by CF to home
|
Batting: RHB Tak-keung Chieu
|
0-0: Ball 1-0: Grounds into double play, 5-4-3 (Groundball, 56, EV 100.6 MPH) Brent Dutcher to third
|
Batting: LHB Matt Calitri
|
0-0: Intentional Walk
|
Batting: RHB Josh Baker
|
0-0: Ball 1-0: Fielders Choice at 2nd, 5-4 (Groundball, 56D, EV 89.4 MPH)
|
Bottom of the 9th over - 1 run, 2 hits, 0 errors, 2 left on base; State College 4 - Williamsport 4 |
TOP OF THE 10TH |
State College Spikes batting - Pitching for Williamsport Crosscutters : RHP Isaiah Felton
|
Now at 3B: Robby Adair
|
|
Now in LF: Tak-keung Chieu
|
|
Now in RF: Fernando Amaya
|
|
Batting: RHB Kalidas Mishra
|
0-0: Foul Ball, location: 2F 0-1: Ball 1-1: Ball 2-1: Foul Ball, location: 2F 2-2: SINGLE (Line Drive, 89S, EV 90.6 MPH)
|
Batting: RHB Jose Jimenez
|
0-0: Ball 1-0: SINGLE (Groundball, 6S, EV 70.6 MPH) (infield hit) Kalidas Mishra to second
|
Batting: RHB Robby Hickman
|
0-0: Foul Ball, location: 2F 0-1: Fly out, F7 (Flyball, 7S, EV 85.0 MPH)
|
Batting: RHB Tom Tate
|
0-0: Swinging Strike 0-1: Ball 1-1: Foul Ball, location: 2F 1-2: Ball 2-2: Strikes out looking
|
Pitching: LHP Bobby Enright
|
|
Batting: LHB Jorge Zarazua
|
0-0: Ball 1-0: Ball 2-0: Called Strike 2-1: Foul Ball, location: 2F 2-2: Strikes out swinging
|
Top of the 10th over - 0 runs, 2 hits, 0 errors, 2 left on base; State College 4 - Williamsport 4 |
BOTTOM OF THE 10TH |
Williamsport Crosscutters batting - Pitching for State College Spikes : RHP Pabiyan Vetlitsky
|
Batting: RHB Bryan Alfaro
|
0-0: Swinging Strike 0-1: Ball 1-1: Foul Ball, location: 2F 1-2: SINGLE (Groundball, 25, EV 73.1 MPH) (infield hit)
|
Batting: RHB Phil Knox
|
0-0: 2-RUN HOME RUN (Flyball, 7D, EV 99.4 MPH), Distance : 370 ft
|
Bottom of the 10th over - 2 runs, 2 hits, 0 errors, 0 left on base; State College 4 - Williamsport 6 |
|